 Dungeon Crawl Stone Soup version 0.24.0-29-g8ce449bc06 (webtiles) character file.

Game seed: 13982588429037476212, levelgen mode: deterministic

43 night the Firebug (level 3, -6/26 HPs)
             Began as a Demonspawn Fire Elementalist on Nov 14, 2019.
             Mangled by Robin
             ... wielding a +4 mace of venom
              (11 damage)
             ... on level 2 of the Dungeon.
             The game lasted 00:04:22 (1358 turns).

night the Firebug (Demonspawn Fire Elementalist)    Turns: 1358, Time: 00:04:23

Health: -6/26      AC:  3    Str:  6 (9)  XL:     3   Next: 37%
Magic:  0/6        EV: 12    Int: 15 (17) God:
Gold:   47         SH:  0    Dex: 12 (15) Spells: 3/6 levels left

rFire    . . .     SeeInvis .   i - +0 short sword
rCold    . . .     Gourm    .   (no shield)
rNeg     . . .     Faith    .   a - +0 robe
rPois    .         Spirit   +   (no helmet)
rElec    .         Reflect  .   (no cloak)
rCorr    .         Harm     .   (no gloves)
MR       .....                  k - +0 pair of boots
Stlth    ++........             (no amulet)
HPRegen  0.08/turn              g - +3 ring of strength
MPRegen  0.10/turn              l - -2 ring of strength (curse)

@: lethally poisoned (-6 -> -19)
A: thin skeletal structure 1, magic shield
a: no special abilities


You were on level 2 of the Dungeon.
You were not hungry.

You visited 1 branch of the dungeon, and saw 2 of its levels.

You collected 47 gold pieces.

Inventory:

Hand Weapons
 i - a +0 short sword (weapon)
Missiles
 d - 20 bolts
 h - 6 poisoned darts (quivered)
Armour
 a - a +0 robe (worn)
 k - a +0 pair of boots (worn)
Jewellery
 g - a +3 ring of strength (left hand)
 l - a cursed -2 ring of strength (right hand)
Potions
 e - a potion of ambrosia
Comestibles
 c - 2 rations
 j - 4 chunks of flesh


   Skills:
 + Level 1.1 Fighting
 - Level 1.7 Dodging
 - Level 1.7 Stealth
 + Level 2.3 Spellcasting
 * Level 2.2 Conjurations
 + Level 3.0 Fire Magic


You had 3 spell levels left.
You knew the following spells:

 Your Spells              Type           Power        Failure   Level  Hunger
a - Flame Tongue          Conj/Fire      #....        8%          1    #......
b - Throw Flame           Conj/Fire      #.....       11%         2    ###....

Your spell library contained the following spells:

 Spells                   Type           Power        Failure   Level  Hunger
 Conjure Flame            Conj/Fire      #.......     22%         3    ###....
 Inner Flame              Hex/Fire       #.......     34%         3    ###....
 Sticky Flame             Conj/Fire      #.......     58%         4    #####..
 Fireball                 Conj/Fire      #.........   90%         5    ######.


Dungeon Overview and Level Annotations

Branches:
Dungeon (2/15)

Altars:

Annotations:
D:2 Robin


Innate Abilities, Weirdness & Mutations

You have a somewhat thin skeletal structure. (Dex +2, Stealth)
When hurt, damage is shared between your health and your magic reserves.


Message History

You kill the goblin!
Casting: Flame Tongue (safe; 8% risk of failure)
Confirm with . or Enter, or press ? or * to list all spells.
Aiming: Flame Tongue (safe; 8% risk of failure)
Press: ? - help, Shift-Dir - straight line, f - hobgoblin
Aim: a hobgoblin (unusually strong)
The flame tongue hits something.
Something hits you!
You are lethally poisoned!
* * * LOW HITPOINT WARNING * * *
You feel sick.
Things that are here:
a goblin corpse x2
Throwing (i - inventory)
h - 7 poisoned darts (quivered)
Press: ? - help, Shift-Dir - straight line, p - hobgoblin You throw a poisoned dart.
The poisoned dart closely misses the hobgoblin.
The poisoned dart hits the goblin.
* * * LOW HITPOINT WARNING * * *
You feel sick. Something hits you!
You die...

## .. #. ## #. ..
#.##########.####
#.@.gg(>..)....)g
#######.#.##.####
#.#.# #.#....#
#.###### #.. #.#
... ##.


You could see a hobgoblin and a goblin.

Vanquished Creatures
  3 bats (D:1)
  A giant cockroach (D:1)
  13 goblins
  6 hobgoblins
  7 jackals (D:1)
  A frilled lizard (D:1)
  A kobold (D:1)
  4 rats (D:1)
36 creatures vanquished.

Notes
Turn   | Place    | Note
-------+----------+-------------------------------------------
     0 | D:1      | night the Demonspawn Fire Elementalist began the quest for
                  | the Orb.
     0 | D:1      | Reached XP level 1. HP: 13/13 MP: 3/3
   250 | D:1      | Gained mutation: When hurt, damage is shared between your
                  | health and your magic reserves. [demonic ancestry]
   250 | D:1      | Reached XP level 2. HP: 20/20 MP: 0/5
   765 | D:1      | Learned a level 2 spell: Throw Flame
   860 | D:1      | Reached skill level 1 in Fighting
  1066 | D:1      | Gained mutation: You have a somewhat thin skeletal
                  | structure. (Dex +2, Stealth) [demonic ancestry]
  1066 | D:1      | Reached XP level 3. HP: 26/26 MP: 1/6
  1201 | D:1      | Reached skill level 3 in Fire Magic
  1322 | D:2      | Noticed Robin
  1358 | D:2      | Mangled by Robin

Levels and vault maps discovered:
D:1:      lightli_arrival_noodles, layout_basic, chequers_serial_rivers_micro_b
D:2:      layout_basic, first_ration, uniq_robin

Skill      XL: |  1  2  3 |
---------------+----------+-----
Fighting       | 1 |  1.1
Conjurations   | 2 |  2.2
Fire Magic     | 3 |  3.0
Dodging        | |  1.7
Stealth        | |  1.7
Spellcasting   | |  2.3

Action                   || total
-------------------------++-------
Melee: Unarmed           ||     8
       Short sword       ||    19
Throw: Dart              ||     1
 Cast: Flame Tongue      ||    41
       Throw Flame       ||     8
  Use: Scroll            ||     2
       Potion            ||     2
 Stab: Sleeping          ||     1
  Eat: Chunk             ||     2
Armor: Robe              ||     9
Dodge: Dodged            ||    36
